 Dungeon Crawl Stone Soup version 0.27-a0-1137-g3ef0f4ec91 (webtiles) character file.

Game seed: 9672791368040169785

1 kae the Skirmisher (level 1, 18/18 HPs)
             Began as a Demonspawn Abyssal Knight on May 6, 2021.
             Was a Follower of Lugonu.
             Quit the game on level 1 of the Dungeon.
             The game lasted 00:00:12 (552 turns).

kae the Skirmisher (Demonspawn Abyssal Knight)       Turns: 552, Time: 00:00:13

Health: 18/18      AC:  3    Str: 12    XL:     1   Next: 16%
Magic:  2/2        EV: 11    Int: 13    God:    Lugonu [*.....]
Gold:   13         SH:  0    Dex: 12    Spells: 0/0 levels left

rFire    . . .     SeeInvis .   a - +1 falchion
rCold    . . .     Faith    .   (no shield)
rNeg     . . .     Spirit   .   b - +0 leather armour
rPois    .         Reflect  .   (no helmet)
rElec    .         Harm     .   (no cloak)
rCorr    .         Rampage  .   (no gloves)
Will     .....                  (no boots)
Stlth    +.........             (no amulet)
HPRegen  0.06/turn              (no ring)
MPRegen  0.08/turn              (no ring)

@: no status effects
A: no striking features
a: Renounce Religion, Depart the Abyss


You were on level 1 of the Dungeon.
You worshipped Lugonu.
Lugonu was aware of your devotion.
You visited 1 branch of the dungeon, and saw 1 of its levels.
You visited the Abyss 1 time.

You collected 13 gold pieces.

Inventory:

Hand Weapons
 a - a +1 falchion (weapon)
Armour
 b - a +0 leather armour (worn)


   Skills:
 + Level 3.0 Fighting
 + Level 1.8 Long Blades
 + Level 1.8 Armour
 + Level 0.9 Dodging
 + Level 2.4 Invocations


You couldn't memorise any spells.
You didn't know any spells.
Your spell library was empty.

Dungeon Overview and Level Annotations

Branches:
Dungeon (1/15)

Altars:


Message History

Unknown command.
Press < or > to pray at altars.
Unknown command.
Press < or > to pray at altars.
You now have 13 gold pieces.
Found a gateway leading out of the Abyss.
There is a gateway leading out of the Abyss here.
You aren't carrying any scrolls.
You start waiting.
Done waiting.
You start waiting.
Done waiting.
You start waiting.
Done waiting.
You start waiting.
Done waiting.
You start waiting.
Done waiting.
You start waiting.
A ynoxinul comes into view.
You pass through the gate.
Found a scroll labelled LAUMIS YTSY and a leather armour.
There is a staircase leading out of the dungeon here.
c - a scroll labelled LAUMIS YTSY A giant cockroach comes into view.
A giant cockroach is nearby!
Okay, then.
As you read the scroll labelled LAUMIS YTSY, it crumbles to dust.
It is a scroll of identify.
You don't have any unidentified items.
The giant cockroach closely misses you.
You hit the giant cockroach.
You kill the giant cockroach!
Lugonu accepts your kill.
No target in view!
No target in view!
No target in view!
No target in view!
Found a trident and a ring mail.
Are you sure you want to abandon this character and quit the game? (Confirm with "yes".)

...## .....# .....
.....## ....
......[ .. #..)
...... ..
#...#....
...#..#..#...#.
.#.. ..#..#†.#..
..#..#.#.#.@#.[.
...#.#.#.#.#...#
..#.#.#.#..##....
. #.#...#.##... ..
....#.....#.......
#...<...######.
....#.....#....
..##.#...#.##...
..#.#.#.#.. #.


There were no monsters in sight!

Vanquished Creatures
  A giant cockroach (D:1)
1 creature vanquished.

Notes
Turn   | Place    | Note
-------+----------+-------------------------------------------
     0 | Abyss:1  | kae the Demonspawn Abyssal Knight began the quest for the
                  | Orb.
     0 | Abyss:1  | Reached XP level 1. HP: 18/18 MP: 2/2
   540 | Abyss:1  | Noticed a ynoxinul
   542 | D:1      | Escaped the Abyss
   552 | D:1      | Quit the game

Illustrated notes

Levels and vault maps discovered:
D:1:      minmay_arrival_radiant_lines, layout_rooms,
          chequers_ecumenical_altar_grove, chequers_serial_rivers_small_3

Action                   || total
-------------------------++-------
Melee: Falchion          ||     1
  Use: Scroll            ||     1
Dodge: Dodged            ||     1

Table legend: (Time is in decaauts)
 A = Elapsed time spent in this place.
 B = Non-inter-level travel time spent in this place.
 C = Inter-level travel time spent in this place.
 D = Time resting spent in this place.
 E = Time spent auto-exploring this place.
 F = Levels seen in this place.
 G = Mean time per level.
                   A        B        C        D        E       F      G
               +--------+--------+--------+--------+--------+-----+--------+
         Total |    552 |    552 |      0 |    520 |     20 |   2 |  276.0 |
       Dungeon |     10 |     10 |      0 |      0 |      4 |   1 |   10.0 |
         Abyss |    542 |    542 |      0 |    520 |     16 |   1 |  542.0 |
               +--------+--------+--------+--------+--------+-----+--------+

Top non-repeatable levels by time:
 Abyss:1: 542 daAuts
     D:1: 10 daAuts
